 Dungeon Crawl Stone Soup version 0.26.1-11-gd32895ea62 (webtiles) character file.

Game seed: 9596111437166703694

9032 Shirokaze the Cleaver (level 11, -3/96 (98) HPs)
             Began as a Palentonga Fighter on Apr 18, 2021.
             Was a Follower of Ashenzari.
             Slain by a wight
             ... wielding a cursed +1 great sword of freezing
              (17 damage)
             ... on level 7 of the Dungeon.
             The game lasted 00:27:25 (5526 turns).

Shirokaze the Cleaver (Palentonga Fighter)          Turns: 5526, Time: 00:27:26

HP:   -3/96 (98)    AC: 19    Str: 19    XL:     11   Next: 17%
MP:   11/11         EV: 11    Int:  8    God:    Ashenzari [*.....]
Gold: 359           SH: 10    Dex: 10    Spells: 10/10 levels left

rFire    + . .     SeeInvis +   n - +2 hand axe (flame) (curse)
rCold    . . .     Faith    .   c - +0 kite shield
rNeg     + . .     Spirit   .   s - +3 leather armour of Starshine {rElec rF+ rN+ Regen+ Str-4} (curse)
rPois    .         Reflect  .   (no helmet)
rElec    +         Harm     .   (no cloak)
rCorr    +         Rampage  .   (no gloves)
Will     .....                  (no barding)
Stlth    +.........             h - amulet of regeneration (curse)
HPRegen  1.06/turn              k - ring of resist corrosion
MPRegen  0.12/turn              m - +4 ring of protection

@: lightly drained, curled up
A: large, rugged brown scales 3, see invisible, deformed body, roll 1, armoured
tail, reflexive curl
a: Rolling Charge, Renounce Religion, Curse Item, Scrying


You were on level 7 of the Dungeon.
You worshipped Ashenzari.
Ashenzari was aware of your devotion.
You visited 1 branch of the dungeon, and saw 7 of its levels.
You also visited: Bailey.

You collected 359 gold pieces.

Inventory:

Hand Weapons
 n - a cursed +2 hand axe of flaming (weapon)
Armour
 c - a +0 kite shield (worn)
 q - a +0 plate armour of fire resistance
 s - the cursed +3 leather armour of Starshine (worn) {rElec rF+ rN+ Regen+ Str-4}
   (You found it on level 4 of the Dungeon)

   It affects your strength (-4).
   It protects you from fire.
   It insulates you from electricity.
   It protects you from negative energy.
   It increases your rate of regeneration.
   It has a curse placed upon it.
Jewellery
 h - a cursed amulet of regeneration (around neck)
 k - a ring of resist corrosion (left hand)
 m - a +4 ring of protection (right hand)
Scrolls
 a - a scroll of amnesia {unknown}
 b - a scroll of remove curse
 e - a scroll of noise {unknown}
 i - a scroll of enchant weapon {unknown}
 j - a scroll of fear {unknown}
 l - a scroll of immolation {unknown}
 w - 3 scrolls of magic mapping
 y - a scroll of enchant armour {unknown}
Potions
 f - a potion of cancellation
 g - 2 potions of curing
 p - a potion of flight
 r - a potion of heal wounds
 t - a potion of resistance
 x - a potion of invisibility


   Skills:
 + Level 7.1 Fighting
 + Level 9.9 Axes
 + Level 6.5 Armour
 + Level 6.1 Dodging
 + Level 0.8 Stealth
 + Level 7.7 Shields


You had 10 spell levels left.
You didn't know any spells.
Your spell library contained the following spells:

 Spells                   Type           Power        Failure   Level
 Irradiate                Conj/Tmut      0%           100%        5
 Hydra Form               Tmut           0%           100%        6
 Statue Form              Tmut/Erth      0%           100%        6
 Dragon Form              Tmut           0%           100%        7


Dungeon Overview and Level Annotations

Branches:
Dungeon (7/15)             Temple (0/1) D:7          Bailey (visited)

Altars:
Ashenzari
Nemelex Xobeh


Innate Abilities, Weirdness & Mutations

You are completely covered in rugged brown scales. (AC +3, +7% HP)
You have supernaturally acute eyesight. (SInv)
Armour fits poorly on your strangely shaped body.
You can roll at nearby foes to attack.
You have a long armoured tail.
You curl defensively after being hit.


Message History

* * * LOW HITPOINT WARNING * * *
The wight hits you with a cursed +1 great sword of freezing.
* * * LOW HITPOINT WARNING * * *
You partially resist.
You feel drained. The wight freezes you.
* * * LOW HITPOINT WARNING * * *
You hit the orc priest. You burn the orc priest.
The orc priest is severely wounded.
You hit the wight but do no damage. The orc priest barely misses you.
You block the wight's attack.
You hit the orc priest. You burn the orc priest.
The orc priest is almost dead.
You hit the wight but do no damage.
The orc priest mumbles some strange prayers to Beogh against you.
Pain shoots through your body!
* * * LOW HITPOINT WARNING * * *
You barely miss the orc priest.
The orc priest is almost dead.
You hit the wight but do no damage.
The wight hits you with a cursed +1 great sword of freezing!
You die...

..... #..#........# #
.... ... ##.####.## #.
##... .. ..| #.## #..
.... ##.. .... ##..##)<#
#.. ##.#. .....>..#
....# #... ........##
.....###.# ......oz)####
#........
......>@)...####........
......))).....## .......
.......###.##..# #.#...
......# #..##.# ##...##
...... ##..#.# #......
=..... #.#.# #...###
..... #.#.###...# #
..... #.......### ####
###.....#


You could see a wight and an orc priest.

Vanquished Creatures
  Pikel (D:4)
  An orc knight (Bailey)
  Grinder (D:4)
  Menkaure (D:7)
  A water moccasin (D:6)
  14 orc warriors
  2 ice beasts (D:7)
  A sky beast (D:7)
  A necrophage (D:6)
  4 ogres
  2 centaurs (D:6)
  3 scorpions
  9 wights (D:7)
  2 bullfrog zombies
  2 jellies
  2 orc priests (D:6)
  A bullfrog skeleton (D:6)
  A centaur skeleton (D:7)
  4 orc wizards
  Crazy Yiuf (D:2)
  Natasha (thrice) (D:2)
  2 iguanas
  3 worker ants
  A hound zombie (D:7)
  A mummy (D:6)
  4 gnolls (D:5)
  5 adders
  A shadow imp (D:7)
  A white imp (D:5)
  9 oozes
  2 worms
  2 dart slugs
  3 leopard geckos (D:6)
  36 orcs
  2 ball pythons (D:3)
  3 bats
  2 giant cockroaches
  6 hobgoblins
  12 jackals
  11 kobolds
  4 quokkas
  4 frilled lizards
  11 goblins
  A hobgoblin zombie (D:6)
  A jackal zombie (D:6)
  2 kobold zombies (D:6)
  2 leopard gecko skeletons
  An orc zombie (D:6)
  7 rats
196 creatures vanquished.

Vanquished Creatures (others)
  8 fungi
  6 toadstools (D:3)
14 creatures vanquished.

Grand Total: 210 creatures vanquished

Notes
Turn   | Place    | Note
-------+----------+-------------------------------------------
     0 | D:1      | Shirokaze the Palentonga Fighter began the quest for the
                  | Orb.
     0 | D:1      | Reached XP level 1. HP: 20/20 MP: 1/1
   321 | D:1      | Reached XP level 2. HP: 27/27 MP: 2/2
   784 | D:2      | Noticed Natasha
   789 | D:2      | Killed Natasha
   790 | D:2      | Reached XP level 3. HP: 33/33 MP: 3/3
   815 | D:2      | Noticed Natasha
   817 | D:2      | Killed Natasha
   818 | D:2      | Reached skill level 1 in Dodging
   818 | D:2      | Reached XP level 4. HP: 40/40 MP: 4/4
   854 | D:2      | Reached skill level 3 in Axes
   857 | D:2      | Noticed Natasha
   866 | D:2      | Killed Natasha
  1254 | D:2      | Found a runed translucent door.
  1255 | D:2      | Noticed Crazy Yiuf
  1265 | D:2      | Killed Crazy Yiuf
  1266 | D:2      | Reached XP level 5. HP: 28/49 MP: 5/5
  1679 | D:3      | Found a broken altar of Ashenzari.
  1689 | D:3      | Became a worshipper of Ashenzari the Shackled
  1729 | D:3      | Reached skill level 4 in Axes
  1765 | D:3      | Reached XP level 6. HP: 49/55 MP: 6/6
  2079 | D:4      | Got the uncursed leather armour of Starshine {rElec rF+ rN+
                  | Regen+ Str-4}
  2095 | D:4      | Identified the +3 leather armour of Starshine {rElec rF+
                  | rN+ Regen+ Str-4} (You found it on level 4 of the Dungeon)
  2329 | D:4      | Noticed Pikel
  2347 | D:4      | Killed Pikel
  2348 | D:4      | Reached skill level 5 in Axes
  2348 | D:4      | Gained mutation: You curl defensively after being hit.
                  | [Palentonga growth]
  2348 | D:4      | Reached XP level 7. HP: 64/64 MP: 7/7
  2441 | D:4      | Reached skill level 6 in Axes
  2604 | D:4      | Noticed Grinder
  2614 | D:4      | Killed Grinder
  2619 | D:4      | Reached skill level 5 in Fighting
  2619 | D:4      | Reached XP level 8. HP: 55/72 MP: 8/8
  2786 | D:4      | Reached * piety under Ashenzari
  2866 | D:5      | Entered Level 5 of the Dungeon
  2951 | D:5      | Found a sparkling altar of Nemelex Xobeh.
  3538 | D:5      | Reached skill level 7 in Axes
  3870 | D:6      | Reached skill level 8 in Axes
  3870 | D:6      | Reached XP level 9. HP: 29/80 MP: 9/9
  4344 | D:7      | Noticed Menkaure
  4358 | D:7      | Killed Menkaure
  4359 | D:7      | HP: 4/80 [wight/cursed +0 great sword (6)]
  4464 | D:7      | Reached skill level 5 in Shields
  4498 | D:7      | Found a flagged portal.
  4505 | Bailey   | Entered a bailey
  4715 | Bailey   | Reached skill level 9 in Axes
  4987 | Bailey   | Noticed an orc knight
  5300 | Bailey   | Reached XP level 10. HP: 62/89 MP: 10/10
  5367 | Bailey   | Killed an orc knight
  5395 | Bailey   | Reached XP level 11. HP: 56/98 MP: 11/11
  5490 | D:7      | Found a staircase to the Ecumenical Temple.
  5526 | D:7      | Slain by a wight

Illustrated notes

Levels and vault maps discovered:
D:1:      dpeg_arrival_simpleton_c, layout_loops_ring, minmay_unequal
D:2:      layout_rooms, uniq_natasha, uniq_crazy_yiuf_cottage
D:3:      cheibrodos_fertilizer, layout_loops_ring, ashenzari_altar_1
D:4:      layout_basic, minmay_small_thing, uniq_grinder, uniq_pikel
D:5:      layout_loops_cross, hangedman_abyss_or_decor_stabs,
          nemelex_spade_bored_becter
D:6:      minmay_diamond_boxcup, layout_rooms, minmay_mini_ossuary
D:7:      layout_rooms, minmay_temple_entry_offerings, enter_bailey_4,
          minmay_misc_feat_hallway, uniq_menkaure, uniq_duvessa

Skill      XL: |  1  2  3  4  5  6  7  8  9 10 |
---------------+-------------------------------+-----
Dodging        | 1 2 3 6 |  6.1
Axes           | 3 4 5 6 8 9 |  9.9
Fighting       | 4 5 6 7 |  7.1
Shields        | 3 4 5 7 |  7.7
Armour         | 3 4 6 |  6.5
Stealth        | |  0.8

Action                   |  1- 3 |  4- 6 |  7- 9 | 10-12 || total
-------------------------+-------+-------+-------+-------++-------
Melee: War axe           |    35 |       |       |       ||    35
       Tailslap          |     4 |    15 |    45 |     9 ||    73
       Hand axe          |     4 |   138 |   383 |    58 ||   583
Invok: Curse Item        |       |       |     2 |     1 ||     3
       Scrying           |       |       |     1 |       ||     1
 Abil: Rolling Charge    |    16 |    31 |    63 |     7 ||   117
  Use: Scroll            |       |     6 |    13 |       ||    19
       Potion            |       |       |     4 |     1 ||     5
Armor: Scale mail        |    11 |     9 |       |       ||    20
       Plate armour      |       |    66 |       |       ||    66
       Leather armour    |       |     7 |   108 |    26 ||   141
Dodge: Dodged            |     8 |    13 |   120 |    30 ||   171
Block: Kite shield       |    14 |    55 |   177 |    39 ||   285
